 Dungeon Crawl Stone Soup version 0.19.4 (webtiles) character file.

2702 Jerry the Cleaver (level 9, -1/65 HPs)
             Began as a Formicid Fighter on Feb 5, 2017.
             Was a Follower of Kikubaaqudgha.
             Slain by a killer bee (2 damage)
             ... on level 7 of the Dungeon.
             The game lasted 00:16:53 (7925 turns).

Jerry the Cleaver (Formicid Fighter)                Turns: 7925, Time: 00:16:54

Health: -1/65      AC: 12    Str: 21    XL:     9   Next: 97%
Magic:  13/13      EV:  9    Int: 11    God:    Kikubaaqudgha [*.....]
Gold:   133        SH:  5    Dex: 10    Spells: 0 memorised, 12 levels left

rFire  . . .     SeeInvis +     a - +0 war axe
rCold  . . .     Gourm    .     b - +0 scale mail
rNeg   . . .     Faith    .     v - +0 buckler
rPois  .         Spirit   .     (helmet unavailable)
rElec  .         Reflect  .     m - +0 cloak
rCorr  .         Harm     .     q - +1 pair of gloves
MR     .....                    (no boots)
Stlth  ++........               (no amulet)
                                y - ring of wizardry
                                u - ring of stealth

@: lethally poisoned (-1 -> -4)
A: permanent stasis, dig shafts and tunnels, four strong arms, antennae 3,
rugged brown scales 1, camouflage 1, high mp 1, screaming 1
a: Dig, Shaft Self, Receive Corpses, Renounce Religion


You were on level 7 of the Dungeon.
You worshipped Kikubaaqudgha.
Kikubaaqudgha was aware of your devotion.
You were hungry.

You visited 2 branches of the dungeon, and saw 8 of its levels.

You collected 293 gold pieces.
You spent 160 gold pieces at shops.

Inventory:

Hand Weapons
 a - a +0 war axe (weapon)
Armour
 b - a +0 scale mail (worn)
 c - a +0 shield
 m - a +0 cloak (worn)
 q - a +1 pair of gloves (worn)
 v - a +0 buckler (worn)
Jewellery
 u - a ring of stealth (left hand)
 y - a ring of wizardry (right hand)
Wands
 k - a wand of disintegration (14/24)
 w - a wand of flame (39/48)
 z - a wand of digging (12/24)
 E - a wand of flame (12/48)
Scrolls
 e - a scroll of identify
 l - a scroll of enchant weapon {unknown}
 p - 3 scrolls of remove curse
 r - a scroll of immolation {unknown}
 s - a scroll of fog {unknown}
 t - 6 scrolls of amnesia {unknown}
 x - a scroll of fear {unknown}
 C - a scroll of blinking {unknown}
Potions
 d - 2 potions of might
 g - 2 potions of curing
 o - a potion of resistance
 B - 2 potions of heal wounds
 D - a potion of agility {unknown}
 G - a potion of magic {unknown}
Books
 h - a book of Conjurations

   Spells                             Type                      Level
   a - Magic Dart                     Conjuration                  1
   b - Searing Ray                    Conjuration                  2
   c - Dazzling Spray                 Conjuration/Hexes            3
   d - Fulminant Prism                Conjuration/Hexes            4
   e - Iskenderun's Mystic Blast      Conjuration                  4
   f - Iskenderun's Battlesphere      Conjuration/Charms           5
Comestibles
 f - 3 bread rations
 i - a slice of pizza
 j - a royal jelly
 n - 2 beef jerkies
 A - a meat ration


   Skills:
 - Level 3.2 Fighting
 * Level 9.3 Axes
 + Level 7.5 Armour
 + Level 8.1 Shields
 - Level 2.0 Spellcasting
 - Level 1.7 Necromancy


You had 12 spell levels left.
You didn't know any spells.

Dungeon Overview and Level Annotations

Branches:
Dungeon (7/15)             Temple (1/1) D:5

Altars:
Ashenzari
Cheibriados
Elyvilon
Fedhas
Gozag
Hepliaklqana
Kikubaaqudgha
Makhleb
Nemelex Xobeh
Qazlal
Ru
Trog
Uskayaw
Vehumet
Xom
Zin
The Shining One

Shops:
D:6 (*[


Innate Abilities, Weirdness & Mutations

You are under a permanent stasis effect.
You can dig through walls and to a lower floor.
Your four strong arms can wield two-handed weapons with a shield.
You have a pair of large antennae on your head. (SInv)
You are partially covered in rugged brown scales. (AC +1, +3% HP)
Your skin changes colour to match your surroundings (Stealth+).
You have an increased reservoir of magic. (+10% MP)
You occasionally shout uncontrollably at your foes.


Message History

You feel sick.
You feel sick.
You feel sick. The killer bee barely misses you. The killer bee stings you.
* * * LOW HITPOINT WARNING * * *
You feel sick. You block the killer bee's attack.
You feel sick.
The killer bee stings you but does no damage. x2
You block the killer bee's attack. The killer bee stings you.
* * * LOW HITPOINT WARNING * * *
You block the killer bee's attack. The killer bee barely misses you.
There is a stone staircase leading up here.
You feel sick.
The killer bee stings you but does no damage.
The killer bee stings you.
* * * LOW HITPOINT WARNING * * *
The killer bee stings you.
You die...
Kikubaaqudgha rasps: "You have failed me!
Welcome... death!"

#......####....{#######...
#.............### ###
#......(.รท...##
#..##.........## #.
#...####...###### #..##
##.....$..
#..######....####
##....yy...###
##..@yy...## ########..#
#..# . #.y### #..
#####...(###...#
..........).....#
######....).....#
#.....####.. #..#..##


You could see 4 killer bees.

Vanquished Creatures
  Grinder (D:6)
  A wyvern (D:5)
  Eustachio (D:5)
  3 ice beasts
  2 sky beasts (D:5)
  4 ogres
  A centaur (D:6)
  2 big kobolds
  Blork the orc (D:6)
  A bullfrog (D:6)
  A scorpion (D:5)
  The ghost of flsc the Chopper, a weakling MiBe of Trog (D:3)
  A killer bee (D:7)
  2 wights
  A howler monkey (D:4)
  2 crimson imps (D:6)
  2 hounds
  An orc priest (D:5)
  2 jellies (D:6)
  An orc wizard (D:3)
  2 iguanas (D:4)
  Jessica (D:2)
  4 worker ants
  Natasha (thrice) (D:2)
  A hound skeleton (D:4)
  2 worker ant zombies
  Robin (D:2)
  14 adders
  A shadow imp (D:5)
  2 oozes (D:2)
  3 adder skeletons
  A worm (D:3)
  A dart slug (D:2)
  4 leopard geckos
  12 orcs
  2 ball pythons (D:5)
  A giant cockroach (D:1)
  10 goblins
  13 hobgoblins
  13 jackals
  5 quokkas
  4 bats
  5 frilled lizards
  A giant cockroach zombie (D:5)
  15 kobolds
  A leopard gecko zombie (D:6)
  16 rats
  A butterfly (D:6)
170 creatures vanquished.

Notes
Turn   | Place    | Note
-------+----------+-------------------------------------------
     0 | D:1      | Jerry the Formicid Fighter began the quest for the Orb.
     0 | D:1      | Reached XP level 1. HP: 18/18 MP: 1/1
   344 | D:1      | Found a sparkling altar of Nemelex Xobeh.
   445 | D:1      | Reached XP level 2. HP: 24/24 MP: 2/2
   607 | D:1      | Reached XP level 3. HP: 28/29 MP: 3/3
   815 | D:2      | Reached skill level 3 in Axes
   843 | D:2      | Noticed Robin
   851 | D:2      | Killed Robin
  1097 | D:2      | Reached XP level 4. HP: 35/35 MP: 4/4
  1215 | D:2      | Noticed Natasha
  1239 | D:2      | Killed Natasha
  1268 | D:2      | Noticed Natasha
  1482 | D:2      | Killed Natasha
  1482 | D:2      | Reached skill level 4 in Axes
  1482 | D:2      | Reached XP level 5. HP: 9/41 MP: 5/5
  1830 | D:2      | Noticed Jessica
  1842 | D:2      | Killed Jessica
  1997 | D:2      | Found a hide-covered altar of Uskayaw.
  2075 | D:2      | Noticed Natasha
  2082 | D:2      | Killed Natasha
  2103 | D:2      | Reached XP level 6. HP: 44/47 MP: 6/6
  2555 | D:3      | Found a glowing silver altar of Zin.
  2936 | D:3      | Noticed flsc's ghost (weakling MiBe)
  2970 | D:3      | Killed flsc's ghost
  2970 | D:3      | Reached skill level 5 in Axes
  2970 | D:3      | Reached skill level 5 in Shields
  3565 | D:4      | Reached XP level 7. HP: 51/52 MP: 7/7
  3647 | D:4      | Reached skill level 5 in Armour
  4381 | D:4      | Reached skill level 6 in Axes
  4502 | D:5      | Entered Level 5 of the Dungeon
  4513 | D:5      | Noticed a wyvern
  4526 | D:5      | Killed a wyvern
  4526 | D:5      | Reached XP level 8. HP: 12/58 MP: 8/8
  5072 | D:5      | Reached skill level 7 in Axes
  5134 | D:5      | Found a burning altar of Makhleb.
  5199 | D:5      | Noticed Eustachio
  5222 | D:5      | Killed Eustachio
  5305 | D:5      | Gained mutation: You are partially covered in rugged brown scales. (AC +1, +3% HP) [mutagenic meat]
  5306 | D:5      | Gained mutation: Your muscles are strong. (Str +2) [mutagenic meat]
  5422 | D:5      | Found a staircase to the Ecumenical Temple.
  5428 | Temple   | Entered the Ecumenical Temple
  5465 | Temple   | Became a worshipper of Kikubaaqudgha
  5777 | D:5      | Found a stormy altar of Qazlal.
  5899 | D:6      | Reached XP level 9. HP: 55/65 MP: 9/9
  5967 | D:6      | Reached skill level 8 in Axes
  6179 | D:6      | Noticed Grinder
  6196 | D:6      | Killed Grinder
  6196 | D:6      | Reached skill level 1 in Spellcasting
  6196 | D:6      | Reached skill level 1 in Necromancy
  6296 | D:6      | Found Ifoasyan's Assorted Antiques.
  6299 | D:6      | Bought a granite ring for 160 gold pieces
  6316 | D:6      | Gained mutation: Your skin changes colour to match your surroundings (Stealth+). [potion of mutation]
  6316 | D:6      | Gained mutation: You have an increased reservoir of magic. (+10% MP) [potion of mutation]
  6316 | D:6      | Gained mutation: You occasionally shout uncontrollably at your foes. [potion of mutation]
  6317 | D:6      | Gained mutation: Your muscles are very strong. (Str +4) [potion of mutation]
  6317 | D:6      | Lost mutation: Your muscles are very strong. (Str +4) [potion of mutation]
  6317 | D:6      | Lost mutation: Your muscles are strong. (Str +2) [potion of mutation]
  6480 | D:6      | Noticed Blork the orc
  6504 | D:6      | Killed Blork the orc
  6761 | D:6      | Found a shimmering altar of Xom.
  6922 | D:6      | Found Hell's Weapon Emporium.
  7177 | D:6      | Found Tisir's Armour Shoppe.
  7241 | D:6      | Found a sacrificial altar of Ru.
  7545 | D:7      | Reached * piety under Kikubaaqudgha
  7545 | D:7      | Identified Kikubaaqudgha's Catalogue of Dark Arts (Kikubaaqudgha gifted it to you on level 7 of the Dungeon)
  7545 | D:7      | Received a gift from Kikubaaqudgha
  7563 | D:7      | Reached skill level 9 in Axes
  7925 | D:7      | HP: 1/65 [killer bee (3)]
  7925 | D:7      | Slain by a killer bee

Skill      XL: |  1  2  3  4  5  6  7  8  9 |
---------------+----------------------------+-----
Axes           | 3 4 5 6 7 9 |  9.3
Shields        | 4 5 6 7 8 |  8.1
Armour         | 4 5 6 7 |  7.5
Spellcasting   | 2 |  2.0
Necromancy     | 1 |  1.7
Fighting       | |  3.2

Action                   |  1- 3 |  4- 6 |  7- 9 || total
-------------------------+-------+-------+-------++-------
Melee: War axe           |   107 |   250 |   418 ||   775
 Abil: Dig               |       |     1 |       ||     1
  Use: Scroll            |       |       |     9 ||     9
       Potion            |       |       |     2 ||     2
  Eat: Chunk             |     1 |     8 |    16 ||    25
Armor: Scale mail        |    50 |   101 |   189 ||   340
Dodge: Dodged            |    26 |   104 |   168 ||   298
Block: Shield            |    67 |     8 |       ||    75
       Buckler           |       |    50 |   104 ||   154
